 Dungeon Crawl Stone Soup version 0.19.1-1-g22dce08 (webtiles) character file.

81 Joat the Ruffian (level 4, -5/35 HPs)
             Began as a Draconian Transmuter on Jan 2, 2017.
             Slain by a gnoll
             ... wielding a +0 whip
              (9 damage)
             ... on level 3 of the Dungeon.
             The game lasted 00:06:59 (2146 turns).

Joat the Ruffian (Draconian Transmuter)             Turns: 2146, Time: 00:07:00

Health: -5/35      AC:  5    Str: 12    XL:     4   Next: 19%
Magic:  7/7        EV: 12    Int: 15    God:
Gold:   179        SH:  0    Dex: 11    Spells: 2 memorised, 3 levels left

rFire  . . .     SeeInvis .     q - +4 mace
rCold  . . .     Gourm    .     (armour unavailable)
rNeg   . . .     Faith    .     (no shield)
rPois  .         Spirit   .     (helmet restricted)
rElec  .         Reflect  .     (no cloak)
rCorr  .         Harm     .     (no gloves)
MR     .....                    (no boots)
Stlth  +.........               (no amulet)
                                (no ring)
                                (no ring)

@: no status effects
A: unfitting armour, cold-blooded, AC +5
a: no special abilities


You were on level 3 of the Dungeon.
You were not hungry.

You visited 1 branch of the dungeon, and saw 3 of its levels.

You collected 179 gold pieces.

Inventory:

Hand Weapons
 q - a +4 mace (weapon)
Missiles
 a - 53 arrows
Jewellery
 f - a cursed ring of teleportation {unknown}
Scrolls
 g - 2 scrolls of amnesia {unknown}
 i - 2 scrolls of enchant weapon {unknown}
 k - a scroll of identify {unknown}
 n - a scroll of noise {unknown}
 o - a scroll of random uselessness {unknown}
 p - a scroll of fog {unknown}
 r - a scroll of remove curse {unknown}
Potions
 e - a potion of resistance {unknown}
 h - a potion of cancellation
 j - a potion of curing {unknown}
 l - a potion of heal wounds {unknown}
 m - a potion of ambrosia {unknown}
Books
 b - a book of Changes

   Spells                             Type                      Level
   a - Beastly Appendage              Transmutation                1
   b - Sticks to Snakes               Transmutation                2
   c - Spider Form                    Transmutation/Poison         3
   d - Ice Form                       Ice/Transmutation            4
   e - Blade Hands                    Transmutation                5
Comestibles
 c - 2 bread rations
 d - 4 chunks of flesh


   Skills:
 - Level 1.1 Fighting
 - Level 1.7 Dodging
 - Level 4.3 Unarmed Combat
 - Level 2.0 Spellcasting
 - Level 2.0 Transmutations
 + Level 2.3 Poison Magic


You had 3 spell levels left.
You knew the following spells:

 Your Spells              Type           Power        Failure   Level  Hunger
a - Beastly Appendage     Tmut           #.....       12%         1    #......
v - Spider Form           Tmut/Pois      #.........   30%         3    ###....


Dungeon Overview and Level Annotations

Branches:
Dungeon (3/15)

Altars:
Gozag
Zin


Innate Abilities, Weirdness & Mutations

Your plain brown scales are hard. (AC +5)
You cannot fit into any form of body armour.
You are cold-blooded and may be slowed by cold attacks.


Message History

You hit the orc wizard. You tail-slap the orc wizard.
The orc wizard is heavily wounded.
The orc wizard hits you but does no damage.
The orc wizard hits you with a dagger.
You barely miss the orc wizard.
The orc wizard is heavily wounded.
The orc wizard hits you with a dagger. The gnoll hits you with a whip.
The gnoll hits you. The orc wizard casts a spell at you.
The magic dart hits you!
* * * LOW HITPOINT WARNING * * *
The orc wizard hits you but does no damage.
You barely miss the gnoll. The gnoll misses you.
The gnoll hits you with a whip.
* * * LOW HITPOINT WARNING * * *
Unknown command.
A rat comes into view.
It was a potion of cancellation.
You feel magically purged. The gnoll hits you with a whip!
You die...

#..# ##########
#..# # #..# #
#..# # #..#
#..# #..#
#..#########...
#.gogSg@...r...
#(oo########...
#oo.# #...#
#..o. ......
......#
.....#.# ###.).
..


You could see an orc wizard, 3 gnolls, an adder, 2 orcs and a rat.

Vanquished Creatures
  3 adders
  A worm (D:2)
  A dart slug (D:3)
  A leopard gecko (D:1)
  An orc (D:3)
  6 bats
  3 giant cockroaches
  5 goblins
  6 hobgoblins
  2 quokkas (D:2)
  2 ball pythons (D:2)
  3 frilled lizards
  8 kobolds
  4 rats
46 creatures vanquished.

Notes
Turn   | Place    | Note
-------+----------+-------------------------------------------
     0 | D:1      | Joat the Draconian Transmuter began the quest for the Orb.
     0 | D:1      | Reached XP level 1. HP: 16/16 MP: 3/3
   153 | D:1      | Reached XP level 2. HP: 2/23 MP: 5/5
   787 | D:1      | Reached skill level 4 in Unarmed Combat
   928 | D:2      | Reached XP level 3. HP: 24/28 MP: 4/6
   933 | D:2      | Learned a level 3 spell: Spider Form
  1048 | D:2      | Reached skill level 1 in Poison Magic
  1536 | D:3      | Found a glowing silver altar of Zin.
  1690 | D:3      | Reached XP level 4. HP: 21/35 MP: 5/7
  1920 | D:3      | Found an opulent altar of Gozag.
  2146 | D:3      | Slain by a gnoll

Skill      XL: |  1  2  3 |
---------------+----------+-----
Unarmed Combat | 4 |  4.3
Poison Magic   | 2 |  2.3
Fighting       | |  1.1
Dodging        | |  1.7
Spellcasting   | |  2.0
Transmutations | |  2.0

Action                   |  1- 3 |  4- 6 || total
-------------------------+-------+-------++-------
Melee: Unarmed           |   137 |       ||   137
       Tailslap          |     5 |     1 ||     6
       Punch             |     1 |       ||     1
       Mace              |     8 |    11 ||    19
       Kick              |     2 |       ||     2
       Headbutt          |     1 |       ||     1
 Cast: Beastly Appendage |     4 |       ||     4
  Use: Potion            |       |     1 ||     1
 Stab: Sleeping          |     1 |       ||     1
  Eat: Chunk             |     3 |     1 ||     4
Armor: Skin              |    43 |     5 ||    48
Dodge: Dodged            |    94 |     6 ||   100
